 Dungeon Crawl Stone Soup version 0.30-a0-629-gd54f4be4f7 (webtiles) character file.

Game seed: 17467395114320324302

126 ryw the Chopper (level 5, -7/43 HPs)
             Began as a Gnoll Reaver on Jan 12, 2023.
             Killed by divine providence
             ... invoked by an orc priest
              (12 damage)
             ... on level 3 of the Dungeon.
             The game lasted 00:03:17 (1272 turns).

ryw the Chopper (Gnoll Reaver)                      Turns: 1272, Time: 00:03:18

Health: -7/43      AC:  7    Str: 10 (13) XL:     5   Next: 10%
Magic:  12/12      EV:  9    Int:  9 (12) God:
Gold:   109        SH:  5    Dex:  8 (11) Spells: 13/14 levels left

rFire   . . .      SeeInvis .    a - +1 hand axe
rCold   + . .      Faith    .    (no shield)
rNeg    . . .      Spirit   .    f - +0 scale mail {rC+}
rPois   .          Reflect  +    (no helmet)
rElec   .          Harm     .    (no cloak)
rCorr   .          Rampage  .    m - +0 pair of gloves
Will    .....                    (no boots) Stlth
                                 n - amulet of reflection
HPRegen 0.27/turn                (no ring)
MPRegen 0.13/turn                (no ring)

@: attractive, flying
A: fangs 1, strong nose, distributed training
a: no special abilities


You were on level 3 of the Dungeon.
You visited 1 branch of the dungeon, and saw 3 of its levels.

You collected 109 gold pieces.

Inventory:

Hand Weapons
 a - a +1 hand axe (weapon)
Armour
 f - a +0 scale mail of cold resistance (worn)
 m - a +0 pair of gloves (worn)
Jewellery
 n - an amulet of reflection (around neck)
Scrolls
 d - 5 scrolls of identify {unknown}
 i - a scroll of fear
 j - a scroll of enchant armour {unknown}
Potions
 e - a potion of curing
 k - a potion of magic


   Skills:
 + Level 4.7 Fighting
 + Level 1.4 Short Blades
 + Level 1.4 Long Blades
 + Level 6.7 Axes
 + Level 1.4 Maces & Flails
 + Level 1.4 Polearms
 + Level 1.4 Staves
 + Level 1.4 Ranged Weapons
 + Level 1.4 Throwing
 + Level 1.4 Armour
 + Level 4.7 Dodging
 + Level 1.4 Stealth
 + Level 1.4 Shields
 + Level 1.4 Unarmed Combat
 + Level 5.2 Spellcasting
 + Level 5.5 Conjurations
 + Level 1.1 Hexes
 + Level 1.1 Summonings
 + Level 1.1 Necromancy
 + Level 1.1 Translocations
 + Level 1.1 Transmutations
 + Level 1.1 Fire Magic
 + Level 1.1 Ice Magic
 + Level 1.1 Air Magic
 + Level 1.1 Earth Magic
 + Level 1.1 Poison Magic
 + Level 1.6 Invocations
 + Level 1.4 Evocations


You had 13 spell levels left.
You knew the following spells:

 Your Spells              Type           Power      Damage    Failure   Level
a - Kiss of Death         Conj/Necr      32%        2d7       38%         1

Your spell library contained the following spells:

 Spells                   Type           Power      Damage    Failure   Level
 Momentum Strike          Conj/Tloc      16%        3d8       54%         2
 Hailstorm                Conj/Ice       8%         3d4       77%         3
 Frozen Ramparts          Ice            8%         1d2       97%         3
 Ice Form                 Ice/Tmut       4%         N/A       100%        4
 Manifold Assault         Tloc           4%         N/A       100%        4
 Summon Ice Beast         Ice/Summ       4%         N/A       100%        4
 Dispersal                Tloc           2%         N/A       100%        6
 Disjunction              Tloc           2%         N/A       100%        8


Dungeon Overview and Level Annotations

Branches:
Dungeon (2/15)

Altars:


Innate Abilities, Weirdness & Mutations

You have very sharp teeth.
Your uncanny sense of smell can sniff out nearby items.
Your experience applies equally to all skills.


Message History

The orc priest mumbles some strange prayers to Beogh against you.
Beogh smites you!
* * * LOW HITPOINT WARNING * * *
The orc hits you from afar with a +0 trident.
* * * LOW HITPOINT WARNING * * *
As you read the scroll labelled BUGYUH HUISUA, it crumbles to dust.
It is a scroll of amnesia.
Really abort (and waste the scroll)?
Okay, then.
The orc hits you with a +0 club.
* * * LOW HITPOINT WARNING * * *
You block the orc's attack.
As you read the scroll labelled BUEJUI KIAKH, it crumbles to dust.
The scroll dissolves into smoke.
It was a scroll of fog.
The orc hits you with a +0 club.
* * * LOW HITPOINT WARNING * * *
The orc hits you but does no damage.
As you read the scroll labelled JEKIURONTA, it crumbles to dust.
It is a scroll of enchant weapon.
Your +0 hand axe glows red for a moment.
The orc barely misses you. The orc hits you but does no damage.
As you read the scroll labelled HUDORE ZITHRA, it crumbles to dust.
You assume a fearsome visage.
The orc looks frightened! x3
It was a scroll of fear.
Cornered, the orc turns to fight!
The orc is attracted toward you.
You hit the orc.
The orc is severely wounded.
The orc hits you but does no damage.
You barely miss the orc.
The orc is severely wounded.
You block the orc's attack.
You hit the orc.
You kill the orc!
The orc is attracted toward you. The orc is attracted toward you.
The orc priest is attracted toward you.
The orc priest is attracted toward you. x2
You hit the orc but do no damage. The orc barely misses you.
The orc priest calls down the wrath of Beogh upon you.
Beogh smites you!
You die...

######o####§###.#
#.....ooo§§§§§§.####
##.#....oo##§###....#
∆ ........#.####
#.#### #.##..#.#.#
#o# # #....#.# #§#
##.#.#.# #o#
.###.#.#.# #o#
#.........######@####
#####)..............#
∆ #......##..#.##.#
#......##..#.##.#
#......#..†..##.#
#......#...####.#
######.#...####.#
#..........#
###.########


You could see 2 orc priests and an orc.

Vanquished Creatures
  Jessica (D:2)
  An orc wizard (D:3)
  3 adders
  2 dart slugs (D:1)
  An orc (D:3)
  4 ball pythons
  4 endoplasms
  A giant cockroach (D:2)
  3 goblins
  6 hobgoblins
  3 jackals (D:1)
  3 bats (D:1)
  A frilled lizard (D:1)
  3 kobolds (D:1)
  11 rats
47 creatures vanquished.

Vanquished Creatures (others)
  4 plants (D:1)
4 creatures vanquished.

Grand Total: 51 creatures vanquished

Notes
Turn   | Place    | Note
-------+----------+-------------------------------------------
     0 | D:1      | ryw the Gnoll Reaver began the quest for the Orb.
     0 | D:1      | Reached XP level 1. HP: 20/20 MP: 6/6
    86 | D:1      | Reached XP level 2. HP: 24/26 MP: 7/7
   291 | D:1      | Reached skill level 5 in Spellcasting
   291 | D:1      | Reached XP level 3. HP: 27/31 MP: 7/9
   442 | D:1      | Reached skill level 1 in Invocations
   602 | D:2      | Noticed Jessica
   613 | D:2      | Killed Jessica
   614 | D:2      | Reached skill level 1 in Short Blades
   614 | D:2      | Reached skill level 1 in Long Blades
   614 | D:2      | Reached skill level 1 in Maces & Flails
   614 | D:2      | Reached skill level 1 in Polearms
   614 | D:2      | Reached skill level 1 in Staves
   614 | D:2      | Reached skill level 1 in Ranged Weapons
   614 | D:2      | Reached skill level 1 in Throwing
   614 | D:2      | Reached skill level 1 in Armour
   614 | D:2      | Reached skill level 1 in Stealth
   614 | D:2      | Reached skill level 1 in Shields
   614 | D:2      | Reached skill level 1 in Unarmed Combat
   614 | D:2      | Reached skill level 1 in Evocations
   614 | D:2      | Reached XP level 4. HP: 22/38 MP: 11/11
  1033 | D:2      | Reached skill level 1 in Hexes
  1033 | D:2      | Reached skill level 1 in Summonings
  1033 | D:2      | Reached skill level 1 in Necromancy
  1033 | D:2      | Reached skill level 1 in Translocations
  1033 | D:2      | Reached skill level 1 in Transmutations
  1033 | D:2      | Reached skill level 1 in Fire Magic
  1033 | D:2      | Reached skill level 1 in Ice Magic
  1033 | D:2      | Reached skill level 1 in Air Magic
  1033 | D:2      | Reached skill level 1 in Earth Magic
  1033 | D:2      | Reached skill level 1 in Poison Magic
  1131 | D:2      | You fall into a shaft and drop 1 floor!
  1232 | D:3      | Reached XP level 5. HP: 26/43 MP: 12/12
  1253 | D:3      | HP: 2/43 [orc/+0 club (3)]
  1272 | D:3      | Killed from afar by an orc priest

Illustrated notes

Levels and vault maps discovered:
D:1:      sevenhm_arrival_forest_fort_small_5, layout_rooms, serial_bayou_pond_b
D:2:      layout_loops_ring, eino_tiny_chamber, uniq_jessica
D:3:      layout_loops_cross, serial_shops, nicolae_shop_bloodbath_and_beyond,
          grunt_ministairs_6, uniq_grinder, uniq_natasha, uniq_robin

Skill      XL: |  1  2  3  4 |
---------------+-------------+-----
Spellcasting   | 5 |  5.2
Invocations    | 1 |  1.6
Short Blades   | 1 |  1.4
Long Blades    | 1 |  1.4
Maces & Flails | 1 |  1.4
Polearms       | 1 |  1.4
Staves         | 1 |  1.4
Ranged Weapons | 1 |  1.4
Throwing       | 1 |  1.4
Armour         | 1 |  1.4
Stealth        | 1 |  1.4
Shields        | 1 |  1.4
Unarmed Combat | 1 |  1.4
Evocations     | 1 |  1.4
Hexes          | 1 |  1.1
Summonings     | 1 |  1.1
Necromancy     | 1 |  1.1
Translocations | 1 |  1.1
Transmutations | 1 |  1.1
Fire Magic     | 1 |  1.1
Ice Magic      | 1 |  1.1
Air Magic      | 1 |  1.1
Earth Magic    | 1 |  1.1
Poison Magic   | 1 |  1.1
Fighting       | |  4.7
Axes           | |  6.7
Dodging        | |  4.7
Conjurations   | |  5.5

Action                   |  1- 3 |  4- 6 || total
-------------------------+-------+-------++-------
Melee: Hand axe          |    77 |    64 ||   141
       Bite              |     3 |     7 ||    10
       Punch             |       |     2 ||     2
  Use: Potion            |       |     5 ||     5
       Scroll            |       |     4 ||     4
Armor: Leather armour    |    11 |       ||    11
       Scale mail        |    13 |    27 ||    40
Dodge: Dodged            |    50 |    28 ||    78
Block: Other             |       |     8 ||     8

Table legend: (Time is in decaauts)
 A = Elapsed time spent in this place.
 B = Non-inter-level travel time spent in this place.
 C = Inter-level travel time spent in this place.
 D = Time resting spent in this place.
 E = Time spent auto-exploring this place.
 F = Levels seen in this place.
 G = Mean time per level.
                   A        B        C        D        E       F      G
               +--------+--------+--------+--------+--------+-----+--------+
         Total |   1276 |   1259 |     17 |     60 |    869 |   3 |  425.3 |
       Dungeon |   1276 |   1259 |     17 |     60 |    869 |   3 |  425.3 |
               +--------+--------+--------+--------+--------+-----+--------+

Top non-repeatable levels by time:
     D:1: 587 daAuts
     D:2: 549 daAuts
     D:3: 139 daAuts
